 Dungeon Crawl Stone Soup version 0.30-a0-918-g0ff054e9dc (webtiles) character file.

Game seed: 10741622512422622684

20 gelatine the Conjurer (level 2, -2/14 (22) HPs)
             Began as a Demonspawn Reaver on Mar 20, 2023.
             Succumbed to an adder's poison
             ... on level 2 of the Dungeon.
             The game lasted 00:01:59 (1176 turns).

gelatine the Conjurer (Demonspawn Reaver)           Turns: 1176, Time: 00:01:59

HP:   -2/14 (22)    AC:  3    Str: 10 (12) XL:     2   Next: 58%
MP:   5/5           EV: 11    Int: 12 (14) God:
Gold: 36            SH:  0    Dex: 11 (13) Spells: 4/5 levels left

rFire   . . .      SeeInvis .    a - +0 hand axe
rCold   . . .      Faith    .    (no shield)
rNeg    . . .      Spirit   .    b - +0 leather armour
rPois   .          Reflect  .    (no helmet)
rElec   .          Rampage  .    (no cloak)
rCorr   .                        (no gloves)
Will    .....                    (no boots)
Stlth   ++                       (no amulet)
HPRegen 0.22/turn                (no ring)
MPRegen 0.09/turn                (no ring)

@: lethally poisoned (-2 -> -14), very heavily drained
A: thin skeletal structure 1
a: no special abilities


You were on level 2 of the Dungeon.
You visited 1 branch of the dungeon, and saw 2 of its levels.

You collected 36 gold pieces.

Inventory:

Hand Weapons
 a - a +0 hand axe (weapon)
Missiles
 f - 2 atropa-tipped darts
Armour
 b - a +0 leather armour (worn)
Scrolls
 c - a scroll of enchant weapon {unknown}
 d - a scroll of blinking {unknown}
 g - a scroll of amnesia {unknown}
 h - a scroll of identify {unknown}
 i - a scroll of enchant armour {unknown}


   Skills:
 * Level 2.1 Fighting
 * Level 3.0 Axes
 * Level 1.9 Dodging
 + Level 2.1 Spellcasting
 * Level 3.3 Conjurations


You had 4 spell levels left.
You knew the following spells:

 Your Spells              Type           Power      Damage    Failure   Level
a - Kiss of Death         Conj/Necr      20%        2d7       19%         1

Your spell library contained the following spells:

 Spells                   Type           Power      Damage    Failure   Level
 Shock                    Conj/Air       20%        1d4       19%         1
 Momentum Strike          Conj/Tloc      10%        3d8       28%         2
 Hailstorm                Conj/Ice       5%         3d4       50%         3
 Swiftness                Air            1%         N/A       73%         3
 Airstrike                Air            0%         2d(1-17)  98%         4


Dungeon Overview and Level Annotations

Branches:
Dungeon (2/15)

Altars:


Innate Abilities, Weirdness & Mutations

You have a somewhat thin skeletal structure. (Dex +2, Stealth+)


Message History

There is an open door here.
There is an open door here.
You enter the shallow water.
Moving in this stuff is going to be slow.
There is an open door here.
You see here a +0 hand axe.
There is a stone staircase leading down here.
You climb downwards.
There is a stone staircase leading up here.
i - a scroll labelled ENIKLO DUPRUOCH
Found a sling.
You see here a +0 sling.
You now have 36 gold pieces (gained 9).
An adder comes into view.
The adder hisses angrily.
You hit the adder.
The adder is moderately wounded.
The adder misses you. The adder bites you.
You are poisoned.
The adder poisons you!
You hit the adder.
The adder is moderately wounded.
You feel sick. The adder barely misses you.
You hit the adder but do no damage.
The adder is moderately wounded.
You feel sick. The adder barely misses you. The adder bites you.
You are lethally poisoned!
The adder poisons you!
You hit the adder but do no damage.
The adder is moderately wounded.
* * * LOW HITPOINT WARNING * * *
You feel very sick. The adder bites you.
* * * LOW HITPOINT WARNING * * *
You are more poisoned.
The adder poisons you!
It was a potion of degeneration.
There was something very wrong with that liquid.
You feel weakened.
You feel dopey.
You feel clumsy.
You die...

### ## ### ##.# #.
#####.. ..# ###.
...#.####.# #...
........########.#.
#######.#...........#.#<
..............# #.#.#.
##.......##.# #.#.#.
#..S@....#.#####.#.#.
#..............#)#.#.
#..../................
......#.....#.###.#.#.#.
..###.#####.#.# #.#.#.#.
. .. ....# #.#.#.# ##
#..... #.....# #.....
###.#.# #..... .....


You could see an adder.

Vanquished Creatures
  4 endoplasms (D:1)
  A goblin (D:1)
  3 hobgoblins (D:1)
  4 bats (D:1)
  2 frilled lizards (D:1)
  3 kobolds (D:1)
  2 rats (D:1)
19 creatures vanquished.

Notes
Turn   | Place    | Note
-------+----------+-------------------------------------------
     0 | D:1      | gelatine the Demonspawn Reaver began the quest for the Orb.
     0 | D:1      | Reached XP level 1. HP: 16/16 MP: 3/3
   334 | D:1      | Gained mutation: You have a somewhat thin skeletal
                  | structure. (Dex +2, Stealth+) [demonic ancestry]
   334 | D:1      | Reached XP level 2. HP: 22/22 MP: 5/5
  1176 | D:2      | Succumbed to an adder's poison

Illustrated notes

Levels and vault maps discovered:
D:1:      dpeg_arrival_solitude, layout_loops_ring, serial_co_window_serial,
          co_window_corner_a, co_window_corner_a, co_window_paths_a,
          co_window_of_opportunity_a, co_window_paths_b, co_window_corner_a,
          co_window_paths_a, co_window_corner_cb, co_window_broadway_c,
          co_window_cross_2, co_window_corner_b, co_window_of_opportunity_b,
          co_window_of_opportunity_b, co_window_4corner_a, glass_columns_a,
          glass_columns_a, glass_columns_a, glass_columns_a, glass_columns_a,
          chequers_serial_rivers_room_b
D:2:      layout_basic

Skill      XL: |  1  2 |
---------------+-------+-----
Axes           | 3 |  3.0
Fighting       | |  2.1
Dodging        | |  1.9
Spellcasting   | |  2.1
Conjurations   | |  3.3

Action                     || total
---------------------------++-------
  Melee: Hand axe          ||    44
   Cast: Kiss of Death     ||     3
    Use: Potion            ||     1
   Stab: Sleeping          ||     3
 Armour: Leather armour    ||    10
  Dodge: Dodged            ||    32

Table legend: (Time is in decaauts)
 A = Elapsed time spent in this place.
 B = Non-inter-level travel time spent in this place.
 C = Inter-level travel time spent in this place.
 D = Time resting spent in this place.
 E = Time spent auto-exploring this place.
 F = Levels seen in this place.
 G = Mean time per level.
                   A        B        C        D        E       F      G
               +--------+--------+--------+--------+--------+-----+--------+
         Total |   1192 |   1071 |    121 |      0 |    890 |   2 |  596.0 |
       Dungeon |   1192 |   1071 |    121 |      0 |    890 |   2 |  596.0 |
               +--------+--------+--------+--------+--------+-----+--------+

Top non-repeatable levels by time:
     D:1: 1157 daAuts
     D:2: 35 daAuts
